Knights vs Monarchs
Created - February 23, 2018 at 21:36
Goals
|
| Knights |
1 |
2 |
1 |
4 |
| Monarchs |
2 |
1 |
2 |
5 |
|
Shots
|
| Knights |
16 |
9 |
11 |
36 |
| Monarchs |
14 |
7 |
13 |
34 |
|
1st period
1. Monarchs , Brock Nelson 34 (Nail Yakupov 8, Jean-Gabriel Pageau 35) at 7:28 (PP)
2. Monarchs , Hampus Lindholm 9 (Teuvo Teravainen 16, Tyler Toffoli 35) at 18:40 (PP)
3. Knights , Linden Vey 21 (Jared Spurgeon 22, Stefan Matteau 8) at 19:41
Penalties :
Michael Raffl (Lon) for Interference (Minor) at 6:54, Jimmy Hayes (Lon) for Hooking (Minor) at 13:21, Linden Vey (Lon) for Roughing (Minor) at 18:10
2nd period
4. Monarchs , Teuvo Teravainen 14 (Pierre-Alexandre Parenteau 31, Matt Tennyson 28) at 0:12
5. Knights , Kevin Hayes 12 (Noel Acciari 16) at 14:11
6. Knights , A.J. Jenks 7 (Noel Acciari 17, Scott Jackson 2) at 18:15
Penalties :
Kevin Hayes (Lon) for Hooking (Minor) at 3:44, Teuvo Teravainen (MAN) for Hooking (Minor) at 11:17
3rd period
7. Monarchs , Riley Cote 24 (Tom Pyatt 18, Hampus Lindholm 42) at 5:20
8. Monarchs , Chris Tierney 6 (Brock Nelson 24) at 15:51
9. Knights , Michael Raffl 22 (Jimmy Hayes 25, Zach Trotman 13) at 16:27
Penalties :
Jean-Gabriel Pageau (MAN) for Goalie Interference (Minor) at 6:37
Goalie Stats
Ben Scrivens (Lon), 29 saves from 34 shots - (0.853), L, 15-19-3, 58:46 minutes
Niklas Backstrom (MAN), 32 saves from 36 shots - (0.889), W, 19-7-4, 60:00 minutes
Players Stats for Knights
Player Name G A P +/- PIM S H SB GA TA FO MP PP MP PK MP
------------------------------------------------------------------------------------
A.J. Jenks 1 0 1 2 0 2 1 0 1 0 1/1 16:40 1:55 0:00
Alan Quine 0 0 0 0 0 0 0 0 0 0 0/0 0:12 0:09 0:00
Brendan Gaunce 0 0 0 -2 0 0 1 0 0 0 1/5 6:55 0:00 0:00
Brett Connolly 0 0 0 -2 0 1 0 0 0 0 0/0 6:55 0:00 0:00
Cody Bass 0 0 0 0 0 3 2 0 0 0 10/25 18:54 1:54 1:20
Collin Miller 0 0 0 0 0 0 0 0 0 0 0/0 4:21 0:00 0:00
David Shields 0 0 0 0 0 0 0 0 0 0 0/0 0:00 0:00 0:00
Jaccob Slavin 0 0 0 0 0 0 0 0 0 1 0/0 4:21 0:00 0:00
Jacob Trouba 0 0 0 -1 0 0 1 0 0 1 0/0 10:38 0:00 0:00
Jared Spurgeon 0 1 1 0 0 0 0 2 1 2 0/0 25:24 2:19 2:54
Jimmy Hayes 0 1 1 0 2 4 4 2 0 1 2/2 20:44 1:54 2:05
Jordan Martinook 0 0 0 1 0 3 2 0 1 0 0/1 12:11 0:00 0:00
Kevin Hayes 1 0 1 2 2 7 2 1 1 0 1/1 18:30 1:55 0:27
Linden Vey 1 0 1 1 2 5 0 1 1 0 0/0 12:10 0:00 0:00
Matt Grzelcyk 0 0 0 0 0 0 0 0 0 0 0/0 0:00 0:00 0:00
Matt Puempel 0 0 0 0 0 0 0 0 0 0 1/2 2:40 0:00 2:38
Michael Matheson 0 0 0 -1 0 0 0 0 0 1 0/0 10:38 0:00 0:00
Michael Raffl 1 0 1 0 2 8 1 1 0 0 2/5 20:25 2:03 2:38
Nikita Nikitin 0 0 0 2 0 1 2 0 0 0 0/0 19:37 1:39 2:08
Noel Acciari 0 2 2 2 0 0 1 1 0 0 6/13 18:40 1:55 0:36
Scott Jackson 0 1 1 2 0 0 0 2 1 1 0/0 19:37 1:39 2:08
Scott Wilson 0 0 0 -2 0 0 2 0 0 1 0/0 7:15 0:00 0:20
Stefan Matteau 0 1 1 1 0 0 0 0 0 0 4/8 12:11 0:00 0:00
Tom Wilson 0 0 0 0 0 0 0 0 0 0 0/0 0:32 0:09 0:00
Zach Trotman 0 1 1 0 0 2 0 3 1 0 0/0 25:24 2:19 2:54
Players Stats for Monarchs
Player Name G A P +/- PIM S H SB GA TA FO MP PP MP PK MP
------------------------------------------------------------------------------------
Alec Martinez 0 0 0 0 0 1 1 4 1 1 0/0 22:30 1:57 1:46
Brock Nelson 1 1 2 0 0 6 1 0 2 0 1/2 15:59 2:05 0:25
Chris Tierney 1 0 1 0 0 1 0 1 0 0 6/12 16:23 2:05 0:58
Colton Parayko 0 0 0 0 0 0 6 1 0 1 0/0 24:10 0:00 1:46
Connor Brown 0 0 0 -3 0 4 4 1 0 0 2/5 18:10 2:44 0:00
Eric Wellwood 0 0 0 -3 0 1 1 0 0 1 0/0 18:57 1:57 1:33
Hampus Lindholm 1 1 2 0 0 7 3 0 0 1 0/0 24:54 3:05 0:00
Igor Makarov 0 0 0 1 0 1 2 0 0 0 0/0 6:35 0:13 0:00
Jean-Gabriel Pageau 0 1 1 1 2 3 0 0 1 0 17/28 19:45 3:05 0:49
Ludwig Bystrom 0 0 0 0 0 0 0 0 0 0 0/0 3:34 0:00 0:00
Matt Tennyson 0 1 1 0 0 0 2 1 0 0 0/0 17:11 0:00 2:12
Nail Yakupov 0 1 1 0 0 1 3 0 2 0 0/0 15:25 2:05 0:00
Pierre-Alexandre Parente 0 1 1 1 0 4 3 3 0 2 1/2 15:39 0:13 0:00
Riley Cote 1 0 1 1 0 1 0 1 0 0 2/2 8:27 0:13 1:52
T.J Brodie 0 0 0 -1 0 0 0 2 0 0 0/0 10:01 0:00 0:00
Teuvo Teravainen 1 1 2 1 2 3 2 0 1 0 1/1 18:27 2:44 0:00
Tom Pyatt 0 1 1 1 0 0 0 0 0 1 0/0 8:39 0:00 2:00
Ty Wishart 0 0 0 -1 0 0 0 1 1 0 0/0 12:36 0:00 2:12
Tyler Toffoli 0 1 1 -3 0 1 1 1 0 0 5/11 18:38 2:44 0:19
3 Stars
1 - Hampus Lindholm (MAN)
2 - Brock Nelson (MAN)
3 - Teuvo Teravainen (MAN)
Power Play
Knights - 0 on 2 Attempt(s) - 0.00%
Monarchs - 2 on 4 Attempt(s) - 50.00%
Penalty Kill
Knights - 2 on 4 Attempt(s) - 50.00%
- Score 0 goal in Penalty Kill
Monarchs - 2 on 2 Attempt(s) - 100.00%
- Score 0 goal in Penalty Kill
Team Stat
Knights - Hits : 19 - Faceoff Wins : 28 - Blocked Shots : 13 - Penalty Minutes : 8
Monarchs - Hits : 29 - Faceoff Wins : 35 - Blocked Shots : 16 - Penalty Minutes : 4
Official
Referees : Walkom Stephen and Rooney Chris
Linesman : Brian Murphy and Mike Cvik
Game Notes
No Game Note
Finance
Level 1 -- Attendance: 1403 (70.15%) -- Ticket Income $56,120
Level 2 -- Attendance: 709 (70.90%) -- Ticket Income $14,180
Total Attendance: 2112 (70.40%)
Total Ticket Income: $70,300
Other Income: $3,515
Total Income: $73,815
Knights
5 vs 5 Forward
Center Left Wing Right Wing Time % Phy DF OF
1 Cody Bass Michael Raffl Jimmy Hayes 40 1 2 2
2 Noel Acciari A.J. Jenks Kevin Hayes 30 1 2 2
3 Stefan Matteau Jordan Martinook Linden Vey 20 1 2 2
4 Brendan Gaunce Scott Wilson Brett Connolly 10 1 2 2
5 vs 5 Defense
Defense Defense Time % Phy DF OF
1 Jared Spurgeon Zach Trotman 40 1 2 2
2 Nikita Nikitin Scott Jackson 30 1 2 2
3 Jacob Trouba Michael Matheson 20 1 2 2
4 Jaccob Slavin Collin Miller 10 1 2 2
PowerPlay Forward
Center Left Wing Right Wing Time % Phy DF OF
1 Cody Bass Michael Raffl Jimmy Hayes 60 1 2 2
2 Noel Acciari A.J. Jenks Kevin Hayes 40 1 2 2
PowerPlay Defense
Defense Defense Time % Phy DF OF
1 Jared Spurgeon Zach Trotman 60 1 2 2
2 Nikita Nikitin Scott Jackson 40 1 2 2
Penalty Kill 4 Players Forward
Center Wing Time % Phy DF OF
1 Michael Raffl Jimmy Hayes 60 1 2 2
2 Cody Bass Kevin Hayes 40 1 2 2
Penalty Kill 4 Players Defense
Defense Defense Time % Phy DF OF
1 Jared Spurgeon Zach Trotman 60 1 2 2
2 Nikita Nikitin Scott Jackson 40 1 2 2
Penalty Kill - 3 Players Forward
Forward Time % Phy DF OF
1 Michael Raffl 60 1 2 2
2 Jimmy Hayes 40 1 2 2
Penalty Kill - 3 Players Defense
Defense Defense Time % Phy DF OF
1 Jared Spurgeon Zach Trotman 60 1 2 2
2 Nikita Nikitin Scott Jackson 40 1 2 2
4 vs 4 Forward
Center Wing Time % Phy DF OF
1 Michael Raffl Jimmy Hayes 60 1 2 2
2 Cody Bass Kevin Hayes 40 1 2 2
4 vs 4 Defense
Defense Defense Time % Phy DF OF
1 Jared Spurgeon Zach Trotman 60 1 2 2
2 Nikita Nikitin Scott Jackson 40 1 2 2
Last Minutes Offensive
Center Left Wing Right Wing Defense Defense
Cody Bass Michael Raffl Jimmy Hayes Jared Spurgeon Zach Trotman
Last Minutes Defensive
Center Left Wing Right Wing Defense Defense
Cody Bass Michael Raffl Jimmy Hayes Jared Spurgeon Zach Trotman
Goaltenders
Starting : Ben Scrivens
Backup : Connor Knapp
Extra Forwards
Normal : Tom Wilson, Alan Quine, Matt Puempel - PP : Tom Wilson, Alan Quine - PK : Matt Puempel
Extra Defensemen
Normal : David Shields, Matt Grzelcyk, Jacob Trouba - PP : David Shields - PK : Matt Grzelcyk, Jacob Trouba
Penalty Shots
Michael Raffl, Jimmy Hayes, Cody Bass, Kevin Hayes, Linden Vey
Scratches
Jordan Weal (Healthy), Matthew Benning (Healthy), Travis Boyd (Healthy), Magnus Hellberg (Healthy)
Monarchs
5 vs 5 Forward
Center Left Wing Right Wing Time % Phy DF OF
1 Jean-Gabriel Pageau Teuvo Teravainen Pierre-Alexandre Parentea35 1 1 3
2 Tyler Toffoli Eric Wellwood Connor Brown 35 1 2 2
3 Chris Tierney Brock Nelson Nail Yakupov 25 1 2 2
4 Tom Pyatt Riley Cote Igor Makarov 5 1 2 2
5 vs 5 Defense
Defense Defense Time % Phy DF OF
1 Hampus Lindholm Colton Parayko 40 0 3 2
2 Matt Tennyson Alec Martinez 30 1 3 1
3 Ty Wishart T.J Brodie 20 0 4 1
4 Ludwig Bystrom Alec Martinez 10 1 3 1
PowerPlay Forward
Center Left Wing Right Wing Time % Phy DF OF
1 Tyler Toffoli Teuvo Teravainen Connor Brown 60 0 1 4
2 Chris Tierney Brock Nelson Nail Yakupov 40 1 2 2
PowerPlay Defense
Defense Defense Time % Phy DF OF
1 Jean-Gabriel Pageau Hampus Lindholm 60 0 2 3
2 Alec Martinez Eric Wellwood 40 0 2 3
Penalty Kill 4 Players Forward
Center Wing Time % Phy DF OF
1 Riley Cote Tom Pyatt 60 0 4 1
2 Eric Wellwood Chris Tierney 40 0 4 1
Penalty Kill 4 Players Defense
Defense Defense Time % Phy DF OF
1 Ty Wishart Matt Tennyson 60 1 4 0
2 Alec Martinez Colton Parayko 40 1 4 0
Penalty Kill - 3 Players Forward
Forward Time % Phy DF OF
1 Riley Cote 60 1 2 2
2 Chris Tierney 40 1 2 2
Penalty Kill - 3 Players Defense
Defense Defense Time % Phy DF OF
1 Matt Tennyson Ty Wishart 60 1 2 2
2 Alec Martinez Colton Parayko 40 1 2 2
4 vs 4 Forward
Center Wing Time % Phy DF OF
1 Jean-Gabriel Pageau Eric Wellwood 60 1 2 2
2 Connor Brown Tyler Toffoli 40 1 2 2
4 vs 4 Defense
Defense Defense Time % Phy DF OF
1 Hampus Lindholm Colton Parayko 60 1 2 2
2 Alec Martinez Matt Tennyson 40 1 2 2
Last Minutes Offensive
Center Left Wing Right Wing Defense Defense
Tyler Toffoli Teuvo Teravainen Connor Brown Hampus Lindholm Alec Martinez
Last Minutes Defensive
Center Left Wing Right Wing Defense Defense
Chris Tierney Riley Cote Tom Pyatt Alec Martinez Matt Tennyson
Goaltenders
Starting : Niklas Backstrom
Backup : John Gibson
Extra Forwards
Normal : Nail Yakupov, Teuvo Teravainen, Connor Brown - PP : Riley Cote, Igor Makarov - PK : Tom Pyatt
Extra Defensemen
Normal : Hampus Lindholm, Alec Martinez, Matt Tennyson - PP : Colton Parayko - PK : Hampus Lindholm, Ludwig Bystrom
Penalty Shots
Igor Makarov, Riley Cote, Brock Nelson, Pierre-Alexandre Parenteau, Teuvo Teravainen
Scratches
Christophe Lalancette (Healthy), Morgan Rielly (Broken Bone (Left Leg) Injury), Dalton Smith (Healthy), Jamie McGinn (Healthy), Tyler McNeely (Healthy)
Ryan White (Healthy), Trevor Lewis (Healthy), Anthony Peluso (Healthy), Jake Muzzin (Healthy), Jeff Frazee (Healthy)
Tyler Beskorowany (Healthy)
% Time on Ice - Knights
Lines # - Real PCT - Wanted PCT - Time Play
Normal Forward
1 - 34% - 40% - 17:09
2 - 29% - 30% - 14:45
3 - 24% - 20% - 12:11
4 - 14% - 10% - 6:55
Normal Defense
1 - 40% - 40% - 20:11
2 - 31% - 30% - 15:50
3 - 21% - 20% - 10:38
4 - 9% - 10% - 4:21
PP Forward
1 - 52% - 60% - 2:03
2 - 48% - 40% - 1:55
PP Defense
1 - 58% - 60% - 2:19
2 - 42% - 40% - 1:39
PK Forward
1 - 74% - 60% - 3:42
2 - 26% - 40% - 1:20
PK Defense
1 - 58% - 60% - 2:54
2 - 42% - 40% - 2:08
PK3 Forward
1 - 0% - 60%
2 - 0% - 40%
PK3 Defense
1 - 0% - 60%
2 - 0% - 40%
44 Forward
1 - 0% - 60%
2 - 0% - 40%
44 Defense
1 - 0% - 60%
2 - 0% - 40%
Last Minute Offensive - 0:00
Last Minute Defensive - 0:00
Total
Forward - 60:00
Defense - 60:00
|
% Time on Ice - Monarchs
Lines # - Real PCT - Wanted PCT - Time Play
Normal Forward
1 - 31% - 35% - 15:59
2 - 30% - 35% - 15:25
3 - 26% - 25% - 13:20
4 - 12% - 5% - 6:16
Normal Defense
1 - 44% - 40% - 22:12
2 - 30% - 30% - 15:13
3 - 20% - 20% - 10:01
4 - 7% - 10% - 3:34
PP Forward
1 - 59% - 60% - 2:57
2 - 41% - 40% - 2:05
PP Defense
1 - 61% - 60% - 3:05
2 - 39% - 40% - 1:57
PK Forward
1 - 91% - 60% - 3:37
2 - 9% - 40% - 0:21
PK Defense
1 - 55% - 60% - 2:12
2 - 45% - 40% - 1:46
PK3 Forward
1 - 0% - 60%
2 - 0% - 40%
PK3 Defense
1 - 0% - 60%
2 - 0% - 40%
44 Forward
1 - 0% - 60%
2 - 0% - 40%
44 Defense
1 - 0% - 60%
2 - 0% - 40%
Last Minute Offensive - 0:00
Last Minute Defensive - 0:00
Total
Forward - 60:00
Defense - 60:00
|
Play by Play
1st period
0:01 of 1st period - Jean-Gabriel Pageau wins face-off versus Cody Bass in neutral zone.
0:26 of 1st period - Zach Trotman is hit by Colton Parayko and loses puck.
1:58 of 1st period - Wrist shot by Pierre-Alexandre Parenteau.
1:58 of 1st period - Stopped by Ben Scrivens without a rebound.
1:59 of 1st period - Noel Acciari wins face-off versus Pierre-Alexandre Parenteau in Knights zone.
1:59 of 1st period - Noel Acciari is hit by Pierre-Alexandre Parenteau.
2:23 of 1st period - Kevin Hayes is hit by Colton Parayko and loses puck.
3:10 of 1st period - Slapshot by Nikita Nikitin.
3:10 of 1st period - Deflect By Michael Raffl.
3:10 of 1st period - Stopped by Niklas Backstrom with a rebound.
3:14 of 1st period - Snap shot by Michael Raffl.
3:14 of 1st period - Stopped by Niklas Backstrom without a rebound.
3:15 of 1st period - Cody Bass wins face-off versus Tyler Toffoli in Monarchs zone.
3:18 of 1st period - Snap shot by Michael Raffl.
3:18 of 1st period - Stopped by Niklas Backstrom without a rebound.
3:19 of 1st period - Cody Bass wins face-off versus Connor Brown in Monarchs zone.
3:30 of 1st period - Jared Spurgeon is hit by Alec Martinez.
3:35 of 1st period - Off-side.
3:36 of 1st period - Jean-Gabriel Pageau wins face-off versus Stefan Matteau in neutral zone.
4:01 of 1st period - Michael Raffl is hit by Colton Parayko and loses puck.
4:30 of 1st period - Snap shot by Brett Connolly.
4:30 of 1st period - Shot Misses the Net.
4:42 of 1st period - Wrist shot by Tyler Toffoli.
4:42 of 1st period - Shot Misses the Net.
6:32 of 1st period - Slapshot by Pierre-Alexandre Parenteau.
6:32 of 1st period - Stopped by Ben Scrivens without a rebound.
6:33 of 1st period - Brock Nelson wins face-off versus Cody Bass in Knights zone.
6:34 of 1st period - Snap shot by Nail Yakupov.
6:34 of 1st period - Shot Misses the Net.
6:38 of 1st period - Snap shot by Nail Yakupov.
6:38 of 1st period - Stopped by Ben Scrivens with a rebound.
6:54 of 1st period - Minor Penalty to Michael Raffl for Interference.
6:55 of 1st period - Tyler Toffoli wins face-off versus Matt Puempel in Knights zone.
7:20 of 1st period - Jared Spurgeon is hit by Nail Yakupov.
7:28 of 1st period - Wrist shot by Brock Nelson.
7:28 of 1st period - Goal by Brock Nelson - Knights : 0 - Monarchs : 1.
7:29 of 1st period - Stefan Matteau wins face-off versus Jean-Gabriel Pageau in neutral zone.
7:54 of 1st period - Cody Bass is hit by Colton Parayko and loses puck.
8:07 of 1st period - Hampus Lindholm is hit by Michael Raffl and loses puck.
8:21 of 1st period - Colton Parayko is hit by Jimmy Hayes and loses puck.
8:30 of 1st period - Snap shot by Connor Brown.
8:30 of 1st period - Shot Blocked by Jimmy Hayes.
8:40 of 1st period - Wrist shot by Cody Bass.
8:40 of 1st period - Shot Blocked by Alec Martinez.
8:42 of 1st period - Wrist shot by Michael Raffl.
8:42 of 1st period - Stopped by Niklas Backstrom with a rebound.
8:44 of 1st period - Snap shot by Cody Bass.
8:44 of 1st period - Deflect By Michael Raffl.
8:44 of 1st period - Stopped by Niklas Backstrom with a rebound.
8:46 of 1st period - Wrist shot by Jimmy Hayes.
8:46 of 1st period - Stopped by Niklas Backstrom with a rebound.
8:48 of 1st period - Slapshot by Nikita Nikitin.
8:48 of 1st period - Shot Blocked by Alec Martinez.
8:50 of 1st period - Wrist shot by Michael Raffl.
8:50 of 1st period - Stopped by Niklas Backstrom without a rebound.
8:51 of 1st period - Noel Acciari wins face-off versus Jean-Gabriel Pageau in Monarchs zone.
8:52 of 1st period - Snap shot by Kevin Hayes.
8:52 of 1st period - Stopped by Niklas Backstrom without a rebound.
8:53 of 1st period - Jean-Gabriel Pageau wins face-off versus Noel Acciari in Monarchs zone.
9:02 of 1st period - Slapshot by Teuvo Teravainen.
9:02 of 1st period - Deflect By Zach Trotman.
9:02 of 1st period - Stopped by Ben Scrivens without a rebound.
9:03 of 1st period - Noel Acciari wins face-off versus Jean-Gabriel Pageau in Knights zone.
9:29 of 1st period - Snap shot by Brett Connolly.
9:29 of 1st period - Stopped by Niklas Backstrom without a rebound.
9:30 of 1st period - Brendan Gaunce wins face-off versus Brock Nelson in Monarchs zone.
9:56 of 1st period - Cody Bass is hit by Connor Brown and loses puck.
10:41 of 1st period - Snap shot by Linden Vey.
10:41 of 1st period - Deflect By Jordan Martinook.
10:41 of 1st period - Shot Blocked by Colton Parayko.
10:41 of 1st period - Puck is out of play.
10:42 of 1st period - Stefan Matteau wins face-off versus Jean-Gabriel Pageau in Monarchs zone.
10:45 of 1st period - Slapshot by Linden Vey.
10:45 of 1st period - Stopped by Niklas Backstrom without a rebound.
10:46 of 1st period - Cody Bass wins face-off versus Jean-Gabriel Pageau in Monarchs zone.
10:47 of 1st period - Snap shot by Michael Raffl.
10:47 of 1st period - Stopped by Niklas Backstrom with a rebound.
10:57 of 1st period - Snap shot by Jimmy Hayes.
10:57 of 1st period - Shot Misses the Net.
10:59 of 1st period - Snap shot by Jimmy Hayes.
10:59 of 1st period - Shot Misses the Net.
11:01 of 1st period - Snap shot by Jimmy Hayes.
11:01 of 1st period - Shot Blocked by Matt Tennyson.
11:13 of 1st period - Slapshot by Nail Yakupov.
11:13 of 1st period - Deflect By Brock Nelson.
11:13 of 1st period - Stopped by Ben Scrivens with a rebound.
11:21 of 1st period - Wrist shot by Linden Vey.
11:21 of 1st period - Deflect By Jordan Martinook.
11:21 of 1st period - Stopped by Niklas Backstrom with a rebound.
11:33 of 1st period - Zach Trotman is hit by Igor Makarov and loses puck.
11:52 of 1st period - Snap shot by Eric Wellwood.
11:52 of 1st period - Stopped by Ben Scrivens with a rebound.
11:54 of 1st period - Wrist shot by Eric Wellwood.
11:54 of 1st period - Shot Blocked by Zach Trotman.
11:56 of 1st period - Wrist shot by Connor Brown.
11:56 of 1st period - Shot Blocked by Zach Trotman.
12:49 of 1st period - A.J. Jenks is hit by Tyler Toffoli and loses puck.
12:56 of 1st period - Snap shot by Kevin Hayes.
12:56 of 1st period - Stopped by Niklas Backstrom with a rebound.
13:12 of 1st period - Wrist shot by Igor Makarov.
13:12 of 1st period - Shot Misses the Net.
13:21 of 1st period - Minor Penalty to Jimmy Hayes for Hooking.
13:22 of 1st period - Matt Puempel wins face-off versus Tyler Toffoli in Knights zone.
13:48 of 1st period - Eric Wellwood is hit by Nikita Nikitin.
14:20 of 1st period - Connor Brown is hit by Noel Acciari and loses puck.
14:25 of 1st period - Snap shot by Nikita Nikitin.
14:25 of 1st period - Shot Misses the Net.
14:36 of 1st period - Off-side.
14:37 of 1st period - Cody Bass wins face-off versus Chris Tierney in neutral zone.
14:42 of 1st period - Slapshot by Alec Martinez.
14:42 of 1st period - Deflect By Nail Yakupov.
14:42 of 1st period - Shot Blocked by Kevin Hayes.
14:42 of 1st period - Puck is out of play.
14:43 of 1st period - Cody Bass wins face-off versus Chris Tierney in Knights zone.
15:21 of 1st period - Penalty to Jimmy Hayes is over, Jimmy Hayes is back on ice.
15:48 of 1st period - Kevin Hayes is hit by Colton Parayko and loses puck.
15:53 of 1st period - Wrist shot by Jean-Gabriel Pageau.
15:53 of 1st period - Stopped by Ben Scrivens with a rebound.
17:58 of 1st period - Snap shot by Tyler Toffoli.
17:58 of 1st period - Shot Misses the Net.
18:04 of 1st period - Backhand shot by Tyler Toffoli.
18:04 of 1st period - Shot Misses the Net.
18:10 of 1st period - Minor Penalty to Linden Vey for Roughing.
18:11 of 1st period - Connor Brown wins face-off versus Michael Raffl in Knights zone.
18:14 of 1st period - Snap shot by Connor Brown.
18:14 of 1st period - Stopped by Ben Scrivens with a rebound.
18:16 of 1st period - Snap shot by Teuvo Teravainen.
18:16 of 1st period - Shot Blocked by Jimmy Hayes.
18:20 of 1st period - Snap shot by Connor Brown.
18:20 of 1st period - Stopped by Ben Scrivens without a rebound.
18:21 of 1st period - Tyler Toffoli wins face-off versus Michael Raffl in Knights zone.
18:22 of 1st period - Slapshot by Hampus Lindholm.
18:22 of 1st period - Shot Blocked by Jared Spurgeon.
18:24 of 1st period - Snap shot by Teuvo Teravainen.
18:24 of 1st period - Shot Misses the Net.
18:26 of 1st period - Slapshot by Jean-Gabriel Pageau.
18:26 of 1st period - Stopped by Ben Scrivens with a rebound.
18:34 of 1st period - Slapshot by Hampus Lindholm.
18:34 of 1st period - Stopped by Ben Scrivens with a rebound.
18:36 of 1st period - Wrist shot by Tyler Toffoli.
18:36 of 1st period - Shot Misses the Net.
18:38 of 1st period - Snap shot by Teuvo Teravainen.
18:38 of 1st period - Shot Misses the Net.
18:40 of 1st period - Wrist shot by Hampus Lindholm.
18:40 of 1st period - Deflect By Jared Spurgeon.
18:40 of 1st period - Goal by Hampus Lindholm - Knights : 0 - Monarchs : 2.
18:41 of 1st period - Pierre-Alexandre Parenteau wins face-off versus Cody Bass in neutral zone.
19:25 of 1st period - Snap shot by Brock Nelson.
19:25 of 1st period - Stopped by Ben Scrivens without a rebound.
19:26 of 1st period - Chris Tierney wins face-off versus Stefan Matteau in Knights zone.
19:33 of 1st period - Snap shot by Linden Vey.
19:33 of 1st period - Stopped by Niklas Backstrom with a rebound.
19:35 of 1st period - Backhand shot by Zach Trotman.
19:35 of 1st period - Stopped by Niklas Backstrom with a rebound.
19:37 of 1st period - Snap shot by Jared Spurgeon.
19:37 of 1st period - Shot Blocked by Alec Martinez.
19:39 of 1st period - Snap shot by Stefan Matteau.
19:39 of 1st period - Shot Blocked by Alec Martinez.
19:41 of 1st period - Slapshot by Jared Spurgeon.
19:41 of 1st period - Deflect By Linden Vey.
19:41 of 1st period - Goal by Linden Vey - Knights : 1 - Monarchs : 2.
19:42 of 1st period - Jean-Gabriel Pageau wins face-off versus Cody Bass in neutral zone.
Goals for this period are 1 for Knights vs 2 for Monarchs .
Shots for this period are 16 for Knights vs 14 for Monarchs .
2nd period
0:01 of 2nd period - Cody Bass wins face-off versus Jean-Gabriel Pageau in neutral zone.
0:12 of 2nd period - Slapshot by Teuvo Teravainen.
0:12 of 2nd period - Goal by Teuvo Teravainen - Knights : 1 - Monarchs : 3.
0:13 of 2nd period - Cody Bass wins face-off versus Jean-Gabriel Pageau in neutral zone.
0:38 of 2nd period - Zach Trotman is hit by Colton Parayko and loses puck.
2:12 of 2nd period - Slapshot by Brendan Gaunce.
2:12 of 2nd period - Shot Misses the Net.
2:14 of 2nd period - Slapshot by Zach Trotman.
2:14 of 2nd period - Shot Misses the Net.
2:16 of 2nd period - Slapshot by Zach Trotman.
2:16 of 2nd period - Deflect By Scott Wilson.
2:16 of 2nd period - Shot Misses the Net.
2:16 of 2nd period - Puck is out of play.
2:17 of 2nd period - Jean-Gabriel Pageau wins face-off versus Stefan Matteau in Monarchs zone.
2:49 of 2nd period - Off-side.
2:50 of 2nd period - Cody Bass wins face-off versus Connor Brown in neutral zone.
3:44 of 2nd period - Minor Penalty to Kevin Hayes for Hooking.
3:45 of 2nd period - Michael Raffl wins face-off versus Chris Tierney in Knights zone.
4:11 of 2nd period - Cody Bass is hit by Hampus Lindholm and loses puck.
4:52 of 2nd period - Nikita Nikitin is hit by Connor Brown and loses puck.
5:43 of 2nd period - Zach Trotman is hit by Igor Makarov and loses puck.
5:44 of 2nd period - Penalty to Kevin Hayes is over, Kevin Hayes is back on ice.
6:08 of 2nd period - Wrist shot by Jimmy Hayes.
6:08 of 2nd period - Shot Misses the Net.
6:10 of 2nd period - Wrist shot by Jimmy Hayes.
6:10 of 2nd period - Stopped by Niklas Backstrom with a rebound.
6:12 of 2nd period - Snap shot by Noel Acciari.
6:12 of 2nd period - Shot Misses the Net.
6:18 of 2nd period - Wrist shot by Kevin Hayes.
6:18 of 2nd period - Stopped by Niklas Backstrom with a rebound.
6:20 of 2nd period - Snap shot by Jared Spurgeon.
6:20 of 2nd period - Shot Blocked by Connor Brown.
6:22 of 2nd period - Snap shot by Kevin Hayes.
6:22 of 2nd period - Shot Blocked by T.J Brodie.
6:40 of 2nd period - Snap shot by Jimmy Hayes.
6:40 of 2nd period - Shot Blocked by Ty Wishart.
7:07 of 2nd period - Off-side.
7:08 of 2nd period - Stefan Matteau wins face-off versus Jean-Gabriel Pageau in neutral zone.
7:11 of 2nd period - Slapshot by Nikita Nikitin.
7:11 of 2nd period - Stopped by Niklas Backstrom with a rebound.
7:13 of 2nd period - Snap shot by Jordan Martinook.
7:13 of 2nd period - Stopped by Niklas Backstrom with a rebound.
7:35 of 2nd period - Scott Jackson is hit by Nail Yakupov and loses puck.
7:42 of 2nd period - Nail Yakupov is hit by Scott Wilson and loses puck.
8:06 of 2nd period - Snap shot by Igor Makarov.
8:06 of 2nd period - Stopped by Ben Scrivens with a rebound.
8:08 of 2nd period - Snap shot by Matt Tennyson.
8:08 of 2nd period - Deflect By Riley Cote.
8:08 of 2nd period - Shot Blocked by Linden Vey.
8:08 of 2nd period - Puck is out of play.
8:09 of 2nd period - Jean-Gabriel Pageau wins face-off versus Brendan Gaunce in Knights zone.
8:35 of 2nd period - Linden Vey is hit by Nail Yakupov and loses puck.
8:50 of 2nd period - Igor Makarov is hit by Scott Wilson.
9:12 of 2nd period - Cody Bass is hit by Pierre-Alexandre Parenteau and loses puck.
9:55 of 2nd period - Eric Wellwood is hit by Jordan Martinook and loses puck.
11:03 of 2nd period - Hampus Lindholm is hit by Jordan Martinook and loses puck.
11:17 of 2nd period - Minor Penalty to Teuvo Teravainen for Hooking.
11:18 of 2nd period - Riley Cote wins face-off versus Cody Bass in Monarchs zone.
13:17 of 2nd period - Penalty to Teuvo Teravainen is over, Teuvo Teravainen is back on ice.
13:19 of 2nd period - Icing by Colton Parayko.
13:20 of 2nd period - Jean-Gabriel Pageau wins face-off versus Stefan Matteau in Monarchs zone.
13:33 of 2nd period - Snap shot by Linden Vey.
13:33 of 2nd period - Deflect By Jordan Martinook.
13:33 of 2nd period - Stopped by Niklas Backstrom with a rebound.
13:35 of 2nd period - Slapshot by Jordan Martinook.
13:35 of 2nd period - Shot Misses the Net.
13:51 of 2nd period - Snap shot by Brock Nelson.
13:51 of 2nd period - Stopped by Ben Scrivens without a rebound.
13:52 of 2nd period - Connor Brown wins face-off versus Noel Acciari in Knights zone.
13:55 of 2nd period - Snap shot by Connor Brown.
13:55 of 2nd period - Stopped by Ben Scrivens without a rebound.
13:56 of 2nd period - Tyler Toffoli wins face-off versus Noel Acciari in Knights zone.
14:09 of 2nd period - Slapshot by Kevin Hayes.
14:09 of 2nd period - Shot Misses the Net.
14:11 of 2nd period - Slapshot by Kevin Hayes.
14:11 of 2nd period - Goal by Kevin Hayes - Knights : 2 - Monarchs : 3.
14:12 of 2nd period - Jean-Gabriel Pageau wins face-off versus Cody Bass in neutral zone.
15:41 of 2nd period - Icing by Jean-Gabriel Pageau.
15:42 of 2nd period - Jean-Gabriel Pageau wins face-off versus Cody Bass in Monarchs zone.
15:42 of 2nd period - Jean-Gabriel Pageau is hit by Jimmy Hayes.
15:45 of 2nd period - Pierre-Alexandre Parenteau is hit by Cody Bass and loses puck.
15:50 of 2nd period - Wrist shot by Jimmy Hayes.
15:50 of 2nd period - Shot Misses the Net.
15:52 of 2nd period - Slapshot by Jared Spurgeon.
15:52 of 2nd period - Shot Misses the Net.
15:54 of 2nd period - Snap shot by Jared Spurgeon.
15:54 of 2nd period - Shot Blocked by Pierre-Alexandre Parenteau.
16:00 of 2nd period - Snap shot by Jimmy Hayes.
16:00 of 2nd period - Shot Blocked by Pierre-Alexandre Parenteau.
16:02 of 2nd period - Wrist shot by Jimmy Hayes.
16:02 of 2nd period - Shot Blocked by Pierre-Alexandre Parenteau.
16:04 of 2nd period - Wrist shot by Michael Raffl.
16:04 of 2nd period - Shot Misses the Net.
16:06 of 2nd period - Slapshot by Cody Bass.
16:06 of 2nd period - Stopped by Niklas Backstrom without a rebound.
16:07 of 2nd period - Noel Acciari wins face-off versus Tyler Toffoli in Monarchs zone.
16:39 of 2nd period - Brock Nelson is hit by Jacob Trouba and loses puck.
16:58 of 2nd period - Snap shot by Hampus Lindholm.
16:58 of 2nd period - Stopped by Ben Scrivens without a rebound.
16:59 of 2nd period - Jean-Gabriel Pageau wins face-off versus Cody Bass in Knights zone.
17:00 of 2nd period - Snap shot by Pierre-Alexandre Parenteau.
17:00 of 2nd period - Stopped by Ben Scrivens without a rebound.
17:01 of 2nd period - Jean-Gabriel Pageau wins face-off versus Cody Bass in Knights zone.
17:28 of 2nd period - Snap shot by Kevin Hayes.
17:28 of 2nd period - Stopped by Niklas Backstrom without a rebound.
17:29 of 2nd period - Tyler Toffoli wins face-off versus Noel Acciari in Monarchs zone.
18:15 of 2nd period - Snap shot by A.J. Jenks.
18:15 of 2nd period - Goal by A.J. Jenks - Knights : 3 - Monarchs : 3.
18:16 of 2nd period - Jean-Gabriel Pageau wins face-off versus Cody Bass in neutral zone.
18:19 of 2nd period - Backhand shot by Alec Martinez.
18:19 of 2nd period - Shot Blocked by Michael Raffl.
18:21 of 2nd period - Snap shot by Pierre-Alexandre Parenteau.
18:21 of 2nd period - Shot Misses the Net.
18:23 of 2nd period - Snap shot by Alec Martinez.
18:23 of 2nd period - Shot Misses the Net.
18:30 of 2nd period - Icing by Cody Bass.
18:31 of 2nd period - Chris Tierney wins face-off versus Cody Bass in Knights zone.
18:38 of 2nd period - Snap shot by Brock Nelson.
18:38 of 2nd period - Shot Misses the Net.
18:44 of 2nd period - Backhand shot by Hampus Lindholm.
18:44 of 2nd period - Shot Hit the Post.
18:46 of 2nd period - Slapshot by Hampus Lindholm.
18:46 of 2nd period - Stopped by Ben Scrivens with a rebound.
19:22 of 2nd period - Wrist shot by Stefan Matteau.
19:22 of 2nd period - Shot Blocked by Tyler Toffoli.
Goals for this period are 2 for Knights vs 1 for Monarchs .
Shots for this period are 9 for Knights vs 7 for Monarchs .
3rd period
0:01 of 3rd period - Jean-Gabriel Pageau wins face-off versus Michael Raffl in neutral zone.
0:28 of 3rd period - Slapshot by Eric Wellwood.
0:28 of 3rd period - Deflect By Connor Brown.
0:28 of 3rd period - Stopped by Ben Scrivens without a rebound.
0:29 of 3rd period - A.J. Jenks wins face-off versus Connor Brown in Knights zone.
0:29 of 3rd period - A.J. Jenks is hit by Eric Wellwood.
1:14 of 3rd period - Snap shot by Brock Nelson.
1:14 of 3rd period - Stopped by Ben Scrivens with a rebound.
1:16 of 3rd period - Snap shot by Hampus Lindholm.
1:16 of 3rd period - Deflect By Michael Raffl.
1:16 of 3rd period - Stopped by Ben Scrivens without a rebound.
1:17 of 3rd period - Chris Tierney wins face-off versus Cody Bass in Knights zone.
1:30 of 3rd period - Nail Yakupov is hit by Jimmy Hayes and loses puck.
1:45 of 3rd period - Snap shot by Brock Nelson.
1:45 of 3rd period - Stopped by Ben Scrivens with a rebound.
1:59 of 3rd period - Snap shot by Cody Bass.
1:59 of 3rd period - Stopped by Niklas Backstrom without a rebound.
2:00 of 3rd period - Noel Acciari wins face-off versus Jean-Gabriel Pageau in Monarchs zone.
2:05 of 3rd period - Snap shot by A.J. Jenks.
2:05 of 3rd period - Stopped by Niklas Backstrom without a rebound.
2:06 of 3rd period - Jean-Gabriel Pageau wins face-off versus Noel Acciari in Monarchs zone.
2:13 of 3rd period - Jean-Gabriel Pageau is hit by A.J. Jenks and loses puck.
2:18 of 3rd period - Snap shot by Kevin Hayes.
2:18 of 3rd period - Stopped by Niklas Backstrom without a rebound.
2:19 of 3rd period - Cody Bass wins face-off versus Jean-Gabriel Pageau in Monarchs zone.
2:30 of 3rd period - Snap shot by Teuvo Teravainen.
2:30 of 3rd period - Shot Hit the Post.
3:35 of 3rd period - Slapshot by Nikita Nikitin.
3:35 of 3rd period - Shot Blocked by Riley Cote.
3:47 of 3rd period - Jimmy Hayes is hit by Pierre-Alexandre Parenteau and loses puck.
4:08 of 3rd period - Snap shot by Teuvo Teravainen.
4:08 of 3rd period - Shot Misses the Net.
5:18 of 3rd period - Snap shot by Tom Pyatt.
5:18 of 3rd period - Shot Misses the Net.
5:20 of 3rd period - Slapshot by Riley Cote.
5:20 of 3rd period - Goal by Riley Cote - Knights : 3 - Monarchs : 4.
5:21 of 3rd period - Cody Bass wins face-off versus Tyler Toffoli in neutral zone.
5:36 of 3rd period - Slapshot by Hampus Lindholm.
5:36 of 3rd period - Stopped by Ben Scrivens with a rebound.
6:07 of 3rd period - Wrist shot by Linden Vey.
6:07 of 3rd period - Deflect By Stefan Matteau.
6:07 of 3rd period - Shot Blocked by T.J Brodie.
6:07 of 3rd period - Puck is out of play.
6:08 of 3rd period - Chris Tierney wins face-off versus Jordan Martinook in Monarchs zone.
6:33 of 3rd period - Slapshot by Jimmy Hayes.
6:33 of 3rd period - Stopped by Niklas Backstrom without a rebound.
6:34 of 3rd period - Teuvo Teravainen wins face-off versus Cody Bass in Monarchs zone.
6:34 of 3rd period - Teuvo Teravainen is hit by Cody Bass.
6:37 of 3rd period - Minor Penalty to Jean-Gabriel Pageau for Goalie Interference.
6:38 of 3rd period - Riley Cote wins face-off versus Cody Bass in Monarchs zone.
6:38 of 3rd period - Riley Cote is hit by Jimmy Hayes.
7:04 of 3rd period - Riley Cote is hit by Kevin Hayes and loses puck.
8:31 of 3rd period - A.J. Jenks is hit by Matt Tennyson and loses puck.
8:37 of 3rd period - Penalty to Jean-Gabriel Pageau is over, Jean-Gabriel Pageau is back on ice.
8:38 of 3rd period - Noel Acciari is hit by Brock Nelson and loses puck.
8:59 of 3rd period - Backhand shot by Jean-Gabriel Pageau.
8:59 of 3rd period - Stopped by Ben Scrivens without a rebound.
9:00 of 3rd period - Jean-Gabriel Pageau wins face-off versus Brendan Gaunce in Knights zone.
9:03 of 3rd period - Wrist shot by Pierre-Alexandre Parenteau.
9:03 of 3rd period - Deflect By Jean-Gabriel Pageau.
9:03 of 3rd period - Deflect By Michael Matheson.
9:03 of 3rd period - Shot Misses the Net.
9:03 of 3rd period - Puck is out of play.
9:04 of 3rd period - Jean-Gabriel Pageau wins face-off versus Brendan Gaunce in Knights zone.
9:13 of 3rd period - Snap shot by Pierre-Alexandre Parenteau.
9:13 of 3rd period - Stopped by Ben Scrivens without a rebound.
9:14 of 3rd period - Tyler Toffoli wins face-off versus Cody Bass in Knights zone.
9:19 of 3rd period - Wrist shot by Tyler Toffoli.
9:19 of 3rd period - Shot Blocked by Jared Spurgeon.
9:25 of 3rd period - Wrist shot by Michael Raffl.
9:25 of 3rd period - Shot Misses the Net.
9:27 of 3rd period - Wrist shot by Jimmy Hayes.
9:27 of 3rd period - Stopped by Niklas Backstrom with a rebound.
9:29 of 3rd period - Snap shot by Cody Bass.
9:29 of 3rd period - Stopped by Niklas Backstrom without a rebound.
9:30 of 3rd period - Kevin Hayes wins face-off versus Jean-Gabriel Pageau in Monarchs zone.
10:24 of 3rd period - Jordan Martinook is hit by Hampus Lindholm and loses puck.
10:47 of 3rd period - Slapshot by Hampus Lindholm.
10:47 of 3rd period - Shot Misses the Net.
11:01 of 3rd period - Scott Jackson is hit by Connor Brown and loses puck.
11:35 of 3rd period - Slapshot by Jean-Gabriel Pageau.
11:35 of 3rd period - Shot Misses the Net.
11:59 of 3rd period - Off-side.
12:00 of 3rd period - Jimmy Hayes wins face-off versus Tyler Toffoli in neutral zone.
12:31 of 3rd period - Snap shot by Pierre-Alexandre Parenteau.
12:31 of 3rd period - Shot Blocked by Noel Acciari.
12:33 of 3rd period - Slapshot by Hampus Lindholm.
12:33 of 3rd period - Stopped by Ben Scrivens with a rebound.
12:35 of 3rd period - Slapshot by Colton Parayko.
12:35 of 3rd period - Shot Misses the Net.
12:46 of 3rd period - Icing by Linden Vey.
12:47 of 3rd period - Stefan Matteau wins face-off versus Chris Tierney in Knights zone.
12:47 of 3rd period - Stefan Matteau is hit by Matt Tennyson.
13:13 of 3rd period - Jordan Martinook is hit by Teuvo Teravainen.
13:23 of 3rd period - Snap shot by Linden Vey.
13:23 of 3rd period - Stopped by Niklas Backstrom without a rebound.
13:24 of 3rd period - Jimmy Hayes wins face-off versus Tyler Toffoli in Monarchs zone.
13:33 of 3rd period - Wrist shot by Jimmy Hayes.
13:33 of 3rd period - Shot Misses the Net.
13:35 of 3rd period - Snap shot by Cody Bass.
13:35 of 3rd period - Shot Misses the Net.
13:49 of 3rd period - A.J. Jenks is hit by Teuvo Teravainen and loses puck.
14:15 of 3rd period - Chris Tierney is hit by Nikita Nikitin and loses puck.
14:30 of 3rd period - Nail Yakupov is hit by Brendan Gaunce.
15:47 of 3rd period - Slapshot by Connor Brown.
15:47 of 3rd period - Shot Misses the Net.
15:49 of 3rd period - Snap shot by Tyler Toffoli.
15:49 of 3rd period - Stopped by Ben Scrivens without a rebound.
15:50 of 3rd period - Chris Tierney wins face-off versus Brendan Gaunce in Knights zone.
15:51 of 3rd period - Slapshot by Brock Nelson.
15:51 of 3rd period - Deflect By Chris Tierney.
15:51 of 3rd period - Goal by Chris Tierney - Knights : 3 - Monarchs : 5.
15:52 of 3rd period - Michael Raffl wins face-off versus Chris Tierney in neutral zone.
16:06 of 3rd period - Wrist shot by Brock Nelson.
16:06 of 3rd period - Shot Blocked by Zach Trotman.
16:08 of 3rd period - Snap shot by Alec Martinez.
16:08 of 3rd period - Stopped by Ben Scrivens with a rebound.
16:18 of 3rd period - Zach Trotman is hit by Connor Brown and loses puck.
16:27 of 3rd period - Wrist shot by Michael Raffl.
16:27 of 3rd period - Deflect By Tyler Toffoli.
16:27 of 3rd period - Goal by Michael Raffl - Knights : 4 - Monarchs : 5.
16:28 of 3rd period - Noel Acciari wins face-off versus Chris Tierney in neutral zone.
16:31 of 3rd period - Colton Parayko is hit by Kevin Hayes and loses puck.
17:03 of 3rd period - Wrist shot by Jean-Gabriel Pageau.
17:03 of 3rd period - Deflect By Michael Raffl.
17:03 of 3rd period - Shot Blocked by Scott Jackson.
17:03 of 3rd period - Puck is out of play.
17:04 of 3rd period - Jean-Gabriel Pageau wins face-off versus Noel Acciari in Knights zone.
17:17 of 3rd period - Wrist shot by Teuvo Teravainen.
17:17 of 3rd period - Stopped by Ben Scrivens with a rebound.
17:19 of 3rd period - Snap shot by Matt Tennyson.
17:19 of 3rd period - Shot Blocked by Scott Jackson.
17:55 of 3rd period - Snap shot by Linden Vey.
17:55 of 3rd period - Stopped by Niklas Backstrom with a rebound.
18:13 of 3rd period - Slapshot by Kevin Hayes.
18:13 of 3rd period - Stopped by Niklas Backstrom without a rebound.
18:14 of 3rd period - Chris Tierney wins face-off versus Noel Acciari in Monarchs zone.
18:35 of 3rd period - Jared Spurgeon is hit by Hampus Lindholm and loses puck.
18:46 of 3rd period - Knights, Ben Scrivens is pulled from the net.
18:52 of 3rd period - Snap shot by Kevin Hayes.
18:52 of 3rd period - Shot Misses the Net.
18:54 of 3rd period - Snap shot by A.J. Jenks.
18:54 of 3rd period - Shot Blocked by Chris Tierney.
18:56 of 3rd period - Slapshot by Zach Trotman.
18:56 of 3rd period - Stopped by Niklas Backstrom with a rebound.
18:58 of 3rd period - Wrist shot by Kevin Hayes.
18:58 of 3rd period - Shot Misses the Net.
Goals for this period are 1 for Knights vs 2 for Monarchs .
Shots for this period are 11 for Knights vs 13 for Monarchs .
Back to the Top